 Dungeon Crawl Stone Soup version 0.24-a0-584-g9d6b971 (webtiles) character file.

Game seed: 6373683652368783341, levelgen mode: deterministic

1674 silenth the Reanimator (level 8, -3/52 HPs)
             Began as a Mummy Necromancer on Sept 4, 2019.
             Was an Initiate of Ashenzari.
             Slain by a killer bee (7 damage)
             ... on level 6 of the Dungeon.
             The game lasted 00:10:28 (7079 turns).

silenth the Reanimator (Mummy Necromancer)          Turns: 7079, Time: 00:10:29

Health: -3/52      AC:  4    Str: 11    XL:     8   Next: 70%
Magic:  10/20      EV: 12    Int: 16    God:    Ashenzari [......]
Gold:   241        SH:  0    Dex: 13    Spells: 14/23 levels left

rFire    x . .     SeeInvis .   s - +1 spear (vamp)
rCold    + . .     Gourm    .   (no shield)
rNeg     + + +     Faith    .   a - +0 robe
rPois    ∞         Spirit   .   j - +0 helmet
rElec    .         Reflect  .   l - +0 cloak
rCorr    +         Harm     .   (no gloves)
MR       +....                  (no boots)
Stlth    ++........             (no amulet)
HPRegen  0.17/turn              c - ring of resist corrosion
MPRegen  0.17/turn              (no ring)

@: no status effects
A: no food or potions, fire vulnerability, cold resistance 1, negative energy
resistance 3, torment resistance, unbreathing
a: Curse Item, Renounce Religion


You were on level 6 of the Dungeon.
You worshipped Ashenzari.
Ashenzari was noncommittal.
You were not hungry.

You visited 2 branches of the dungeon, and saw 8 of its levels.

You collected 241 gold pieces.

Inventory:

Hand Weapons
 b - a +0 dagger
 g - a +0 spear
 h - a +2 dagger of venom
 o - a +1 flail of protection
 s - a +1 vampiric spear (weapon)
 v - a +1 hunting sling of freezing
Missiles
 x - a throwing net (quivered)
Armour
 a - a +0 robe (worn)
 j - a +0 helmet (worn)
 l - a +0 cloak (worn)
 m - a scarf of repulsion
Magical Staves
 f - an uncursed staff of earth
Jewellery
 c - a ring of resist corrosion (left hand)
Scrolls
 d - a scroll of enchant armour
 e - a scroll of immolation
 i - 4 scrolls of identify
 k - a scroll of enchant weapon {unknown}
 n - a scroll of amnesia {unknown}
 p - a scroll of blinking
 q - 2 scrolls of fear {unknown}
 r - a scroll of remove curse
 t - a scroll of teleportation
 u - a scroll of magic mapping
 w - a scroll of torment {unknown}


   Skills:
 - Level 1.5 Dodging
 - Level 1.5 Stealth
 + Level 8.1 Spellcasting
 * Level 10.0 Necromancy


You had 14 spell levels left.
You knew the following spells:

 Your Spells              Type           Power        Failure   Level  Hunger
a - Pain                  Necr           ####         1%          1    N/A
b - Animate Skeleton      Necr           N/A          1%          1    N/A
c - Vampiric Draining     Necr           #####.....   1%          3    N/A
d - Animate Dead          Necr           N/A          1%          4    N/A

Your spell library contained the following spells:

 Spells                   Type           Power        Failure   Level  Hunger
 Regeneration             Chrm/Necr      Unusable     N/A         3    N/A

Dungeon Overview and Level Annotations

Branches:
Dungeon (7/15)             Temple (1/1) D:6

Altars:
Ashenzari
Gozag
Okawaru
Qazlal
Trog
Vehumet
Wu Jian
Xom
Yredelemnul

Shops:
D:4 !


Innate Abilities, Weirdness & Mutations

You do not eat or drink.
Your flesh is vulnerable to fire.
You are immune to poison.
Your flesh is cold resistant. (rC+)
You are immune to negative energy. (rN+++)
You are immune to unholy pain and torment.
You can survive without breathing.


Message History

You kill the killer bee!
You feel life coursing into your body. The killer bee closely misses you. x2
The killer bee misses you. The killer bee closely misses you.
The killer bee stings you! The killer bee stings you.
* * * LOW HITPOINT WARNING * * *
Casting: Vampiric Draining (safe; 1% risk of failure)
Confirm with . or Enter, or press ? or * to list all spells.
Aiming: Vampiric Draining (safe; 1% risk of failure)
Press: ? - help, Shift-Dir - straight line, f - killer bee
Aim: a killer bee (severely wounded)
You kill the killer bee!
Your Necromancy skill increases to level 10!
You feel life coursing into your body. The killer bee stings you.
* * * LOW HITPOINT WARNING * * *
The killer bee stings you.
* * * LOW HITPOINT WARNING * * *
The killer bee closely misses you. The killer bee stings you.
* * * LOW HITPOINT WARNING * * *
The killer bee barely misses you. x2; The killer bee stings you!
You die... #........# #.### #..##'#### #.ZZZ

##.##.#
#####
#.(#.#
##.#.#
#########
#.#.#
#......).
#.#.#
#.#######
#...# #.#
##@y# #.#
#y># #.#
##)# #.#
#.# #.#
#.#######.#
#......(..#
###########


You could see 2 killer bees.

Vanquished Creatures
  Grinder (D:6)
  Menkaure (D:6)
  A bullfrog (D:6)
  A gnoll sergeant (D:6)
  2 scorpions (D:6)
  2 killer bees (D:6)
  2 crimson imps
  5 hounds
  2 orc priests (D:5)
  A bullfrog skeleton (D:6)
  A centaur skeleton (D:5)
  4 orc wizards
  An iguana (D:5)
  Natasha (thrice) (D:4)
  8 worker ants
  A hound skeleton (D:4)
  11 gnolls
  6 adders
  An ooze (D:1)
  An adder skeleton (D:4)
  2 worms (D:2)
  3 dart slugs (D:1)
  A leopard gecko (D:1)
  20 orcs
  6 bats
  3 giant cockroaches
  7 goblins
  12 hobgoblins
  15 jackals
  3 quokkas
  4 frilled lizards
  A giant cockroach zombie (D:5)
  11 kobolds
  13 rats
156 creatures vanquished.

Vanquished Creatures (collateral kills)
  An adder (D:6)
  A worm (D:2)
2 creatures vanquished.

Grand Total: 158 creatures vanquished

Notes
Turn   | Place    | Note
-------+----------+-------------------------------------------
     0 | D:1      | silenth the Mummy Necromancer began the quest for the Orb.
     0 | D:1      | Reached XP level 1. HP: 13/13 MP: 4/4
   156 | D:1      | Reached skill level 3 in Spellcasting
   225 | D:1      | Reached XP level 2. HP: 19/19 MP: 1/6
   285 | D:1      | Learned a level 1 spell: Animate Skeleton
   842 | D:1      | Reached XP level 3. HP: 24/24 MP: 3/7
   881 | D:1      | Learned a level 3 spell: Vampiric Draining
  1318 | D:2      | Reached skill level 5 in Necromancy
  1806 | D:2      | Reached XP level 4. HP: 30/30 MP: 2/9
  2166 | D:3      | Reached skill level 4 in Spellcasting
  2615 | D:3      | Reached XP level 5. HP: 35/35 MP: 6/11
  2784 | D:3      | Reached skill level 6 in Necromancy
  3129 | D:4      | Noticed a phantom
  3190 | D:4      | Found Macs's Distillery.
  3236 | D:3      | Learned a level 4 spell: Animate Dead
  3238 | D:4      | Noticed Natasha
  3391 | D:3      | Reached skill level 5 in Spellcasting
  3391 | D:3      | Reached XP level 6. HP: 31/41 MP: 7/13
  3978 | D:4      | Killed Natasha
  4019 | D:4      | Noticed Natasha
  4043 | D:4      | Killed Natasha
  4255 | D:4      | Reached skill level 7 in Necromancy
  4341 | D:4      | Found a shimmering altar of Xom.
  4509 | D:4      | Noticed Natasha
  4514 | D:4      | Killed Natasha
  4544 | D:5      | Entered Level 5 of the Dungeon
  4629 | D:5      | Reached XP level 7. HP: 43/46 MP: 10/15
  4765 | D:5      | Reached skill level 6 in Spellcasting
  5007 | D:5      | Reached skill level 8 in Necromancy
  5461 | D:6      | Found a staircase to the Ecumenical Temple.
  5472 | Temple   | Entered the Ecumenical Temple
  5477 | Temple   | Became a worshipper of Ashenzari the Shackled
  5522 | D:6      | Noticed Menkaure
  5538 | D:6      | Killed Menkaure
  5699 | D:6      | Reached XP level 8. HP: 52/52 MP: 14/18
  5743 | D:6      | Reached skill level 7 in Spellcasting
  5978 | D:6      | Reached skill level 9 in Necromancy
  6215 | D:6      | Noticed Grinder
  6249 | D:6      | Paralysed by Grinder for 3 turns
  6263 | D:6      | Killed Grinder
  6961 | D:7      | Reached skill level 8 in Spellcasting
  7078 | D:6      | Reached skill level 10 in Necromancy
  7078 | D:6      | HP: 4/52 [killer bee (5)]
  7079 | D:6      | Slain by a killer bee

Levels and vault maps discovered:
D:1:      minmay_arrival_four_loops, layout_basic, minmay_close_crescents
D:2:      layout_loops_cross
D:3:      layout_basic
D:4:      layout_cave_pools, overflow_temple_1_default, serial_shops, shop,
          uniq_natasha
D:5:      layout_gridville, first_ration
D:6:      layout_basic, minmay_temple_entry_statues_fountains, uniq_menkaure,
          uniq_grinder
D:7:      layout_rooms
Temple:   compressed_dpeg_triangle_lava_temple

Skill      XL: |  1  2  3  4  5  6  7  8 |
---------------+-------------------------+-----
Spellcasting   | 3 4 5 6 8 |  8.1
Necromancy     | 5 6 7 8 10 | 10.0
Dodging        | |  1.5
Stealth        | |  1.5

Action                   |  1- 3 |  4- 6 |  7- 9 || total
-------------------------+-------+-------+-------++-------
Melee: Spear             |    11 |       |     7 ||    18
       Dagger            |    10 |    49 |    98 ||   157
 Cast: Pain              |    80 |   142 |    75 ||   297
       Animate Skeleton  |     1 |     4 |     5 ||    10
       Vampiric Draining |       |     4 |    17 ||    21
Evoke: Wand              |       |       |     4 ||     4
  Use: Scroll            |     2 |     2 |     2 ||     6
Armor: Robe              |     2 |    16 |    37 ||    55
Dodge: Dodged            |    30 |    77 |   123 ||   230

Table legend:
 A = Non-vault XP
 B = Vault XP
 C = Vault XP percentage of total XP
 D = Non-vault monster count
 E = Vault monster count
 F = Vault count percentage of total count
                 A         B        C        D         E       F
            +---------+---------+-------+---------+---------+-------
      Total |    1911 |     481 |  20.1 |     150 |       8 |   5.1
            +---------+---------+-------+---------+---------+-------
        D:1 |      47 |      12 |  20.3 |      25 |       5 |  16.7
        D:2 |      72 |       0 |   0.0 |      24 |       0 |   0.0
        D:3 |     269 |       0 |   0.0 |      38 |       0 |   0.0
        D:4 |     285 |      35 |  10.9 |      16 |       1 |   5.9
        D:5 |     458 |       0 |   0.0 |      19 |       0 |   0.0
        D:6 |     737 |     434 |  37.1 |      22 |       2 |   8.3
        D:7 |      43 |       0 |   0.0 |       6 |       0 |   0.0
            +---------+---------+-------+---------+---------+-------
